 Dungeon Crawl Stone Soup version 0.31-a0-968-g24f9ace8b5 (webtiles) character file.

Game seed: 2580675752344493944

25030 tsujin the Grappler (level 12, -1/94 HPs)
             Began as a Demonspawn Shapeshifter on Oct 27, 2023.
             Was a High Priest of Nemelex Xobeh.
             Slain by a bunyip (13 damage)
             ... on level 4 of the Lair of Beasts on Oct 28, 2023.
             The game lasted 00:59:19 (18733 turns).

tsujin the Grappler (Demonspawn Shapeshifter)      Turns: 18733, Time: 00:59:20

Health: -1/94      AC: 12    Str: 19    XL:     12   Next: 85%
Magic:  0/18       EV: 10    Int: 11    God:    Nemelex Xobeh [*****.]
Gold:   1177       SH:  0    Dex: 14    Spells: 11/11 levels left

rFire   + .          .
                       - Unarmed
rCold   . . .        (no shield)
rNeg    . . .        p - +0 chain mail "Ihahixid" {rCorr}
rPois   .            (helmet currently unavailable)
rElec   .            (cloak currently unavailable)
rCorr   +            (gloves currently unavailable)
SInv    +            (boots currently unavailable)
Will    .....        v - amulet of guardian spirit
Stlth   +            k - ring of protection from fire
HPRegen 0.35/turn    z - ring of see invisible
MPRegen 0.16/turn

%: guardian spirit
@: beast-form
A: beast (slay +4), hooves 1, molten scales 2, ignite blood 1, powered by pain 1
a: Begin Untransformation, Renounce Religion, Draw Escape, Draw Destruction,
Draw Summoning, Triple Draw, Deal Four, Stack Five


You were on level 4 of the Lair of Beasts.
You worshipped Nemelex Xobeh.
Nemelex Xobeh was extremely pleased with you.
You were a hulking beast.
You visited 3 branches of the dungeon, and saw 16 of its levels.
You also visited: Ossuary.

You collected 1452 gold pieces.
You spent 275 gold pieces at shops.

Inventory:

Missiles
 u - 6 curare-tipped darts
 I - 4 throwing nets
Armour
 p - the +0 chain mail "Ihahixid" (worn) {rCorr}
   (You bought it in a shop on level 5 of the Dungeon)

   rCorr:     It protects you from acid and corrosion.
 H - a +0 pair of boots
Magical Staves
 g - the staff "Mafymag" {rElec rPois rF+ Will- Fire}
   (You found it in an ossuary)

   [staff of fire]

   Base accuracy: +5 Base damage: 5 Base attack delay: 1.2 This weapon's minimum
   attack delay (0.6) is reached at skill level 12.
   rF+:       It protects you from fire.
   rElec:     It insulates you from electricity.
   rPois:     It protects you from poison Will-: It decreases your willpower.
   Fire:      It increases the power of your Fire spells.
   It falls into the 'Staves' category.
   It is a one-handed weapon.
 s - a staff of poison
Jewellery
 k - a ring of protection from fire (left hand)
 v - an amulet of guardian spirit (around neck)
 x - a ring of wizardry
 z - a ring of see invisible (right hand)
 D - an amulet of regeneration
 J - an amulet of reflection
Talismans
 c - a beast talisman
 d - a flux talisman
 i - a granite talisman
Wands
 f - a wand of mindburst (14)
 j - a wand of light (21)
 m - a wand of polymorph (2)
 t - a wand of charming (16)
 E - a wand of iceblast (4)
 G - a wand of flame (11)
Scrolls
 h - 2 scrolls of revelation
 o - a scroll of fog
 q - 4 scrolls of vulnerability
 w - a scroll of butterflies {unknown}
 y - a scroll of enchant weapon
 A - 2 scrolls of amnesia
 F - 2 scrolls of identify
Potions
 a - 2 potions of brilliance
 b - 4 potions of lignification
 e - a potion of curing
 l - 2 potions of might
 n - 2 potions of invisibility
 r - 5 potions of degeneration
 B - 4 potions of enlightenment
 C - a potion of attraction


   Skills:
 + Level 8.7 Fighting
 - Level 0.8 Throwing
 - Level 5.2 Armour
 - Level 6.5 Dodging
 - Level 7.4 Stealth
 + Level 10.6 Unarmed Combat
 - Level 9.0 Invocations
 * Level 9.0 Shapeshifting


You had 11 spell levels left.
You didn't know any spells.
Your spell library contained the following spells:

 Spells                   Type           Power      Damage    Failure   Level
 Shock                    Conj/Air       0%         1d3       95%         1
 Cigotuvi's Dreadful Rot  Necr/Pois/Air  0%         N/A       99%         2
 Ensorcelled Hibernation  Hex/Ice        0%         N/A       99%         2
 Jinxbite                 Hex            0%         N/A       99%         2
 Searing Ray              Conj           0%         2d4       99%         2
 Call Canine Familiar     Summ           0%         N/A       100%        3
 Dazzling Flash           Conj/Hex       0%         N/A       100%        3
 Frozen Ramparts          Ice            0%         1d1       100%        3
 Ignite Poison            Fire/Tmut/Pois 0%         N/A       100%        3
 Sigil of Binding         Hex            0%         N/A       100%        3
 Volatile Blastmotes      Fire/Tloc      0%         2d10      100%        3
 Anguish                  Hex/Necr       0%         N/A       100%        4
 Dimensional Bullseye     Hex/Tloc       0%         N/A       100%        4
 Leda's Liquefaction      Hex/Erth       0%         N/A       100%        4
 Petrify                  Tmut/Erth      0%         N/A       100%        4
 Freezing Cloud           Conj/Ice/Air   0%         6-21      100%        5
 Iskenderun's Battlesphe  Conj           0%         2d6       100%        5
 Metabolic Englaciation   Hex/Ice        0%         N/A       100%        5
 Starburst                Conj/Fire      0%         6d3       100%        6
 Maxwell's Capacitive Co  Air            0%         ∞         100%        8


Dungeon Overview and Level Annotations

Branches:
Dungeon (11/15)            Temple (1/1) D:7            Lair (4/5) D:10
 Shoals (0/4) Lair:2          Orc (0/2) D:10        Ossuary (visited)
  Snake: Lair:2-3    Spider: Lair:2-3     Slime: Lair:4-5

Altars:
Ashenzari
Cheibriados
Dithmenos
Fedhas
Gozag
Hepliaklqana
Kikubaaqudgha
Makhleb
Nemelex Xobeh
Okawaru
Qazlal
Ru
Sif Muna
Trog
Uskayaw
Vehumet
Wu Jian
Xom
Yredelemnul

Shops:
D:4 =   D:5 :[   D:10 :

Annotations:
D:3 2 transporters, bchevrier's ghost, amateur GnWn
Lair:1 3 runed translucent doors, Cistriuss's ghost, journeyman DgFi


Innate Abilities, Weirdness & Mutations

You are a hulking beast.
Your limbs bulge with bestial killing power. (Slay +4)
You have large cloven feet.
You are mostly covered in molten scales. (AC +3)
Your demonic aura sometimes causes spilled blood to erupt in flames.
You sometimes gain a little power by taking damage.


Message History

Unknown command.
You draw a card...
You have drawn Wild Magic.
Nothing appears to happen.
You draw a card...
You have drawn Wild Magic.
Nothing appears to happen.
The deck of cards glows with a rainbow of weird colours and disappears.
The bunyip claws you!
You focus on the pain.
You feel your power returning. The bunyip closely misses you.
The bunyip claws you!!
You take 30 damage, and have 64/94 hp.
MASSIVE DAMAGE!!
You now have 14/18 mp.
That deck is empty!
You draw a card...
You have drawn Velocity.
Nothing appears to happen.
You draw a card...
You have drawn the Cloud.
Clouds appear around you! The bunyip attacks as it pursues you!
The bunyip claws you!!
The bunyip claws you but does no damage. x2
You take 17 damage, and have 48/94 hp.
You now have 11/18 mp.
You barely miss the bunyip. You barely miss the bunyip.
You closely miss the bunyip. The bunyip claws you!! The bunyip claws you!
* * * LOW HITPOINT WARNING * * *
You focus on the pain.
You feel your power returning.
The bunyip claws you but does no damage.
You take 28 damage, and have 21/94 hp.
MASSIVE DAMAGE!!
You regained 5 mp, and now have 16/18 mp.
Okay, then.
The bunyip claws you but does no damage.
The bunyip claws you.
* * * LOW HITPOINT WARNING * * *
The bunyip completely misses you.
You take 1 damage, and have 22/94 hp.
You now have 15/18 mp.
You draw a card...
You have drawn the Cloud.
Clouds appear around you!
The bunyip howls a warning cry!
You hear a loud, deep croak!
You hear a roar!
You hear an angry hiss.
You hear a loud, deep croak! x2
You draw a card...
You have drawn the Cloud.
Clouds appear around you!
A bullfrog comes into view.
The bunyip claws you!
* * * LOW HITPOINT WARNING * * *
The bunyip claws you!
* * * LOW HITPOINT WARNING * * *
The bunyip claws you!!
You die...
Your body disappears without a glow.

#.####.##.##....#
#...
##..##....##.....#
.....
#...PP....##.....##
.##...
##........##).....#
. ##..
#.#.#####.#.......
#..
#.########.......#
#...##§#..##.....#
#....§§§§§§.......
##....§§§§xh......F
#.....§§§§§§.......
##...####.#P.......
#..###.#####.......
##.##..P.# ......#
#..##§..##.....###
#.........P.P....
#.P..§.§#.PP....#
#.##.#.#.#...○


You could see a bunyip (misshapen) and a bullfrog.

Vanquished Creatures
  Harold (Lair:2)
  Lodul (D:10)
  An oklob plant (D:10)
  A manticore (D:11)
  A black mamba (Lair:3)
  3 elephants
  A salamander (Lair:2)
  5 cane toads
  4 orange demons (D:11)
  3 unseen horrors
  An efreet (D:11)
  2 kobold demonologists (D:11)
  A rime drake (Lair:3)
  4 komodo dragons
  2 red devils (D:11)
  A troll (D:11)
  A hornet (Lair:2)
  2 tarantellas (Lair:2)
  6 blink frogs
  A shadow (D:11)
  4 wyverns
  40 yaks
  2 basilisks
  4 vampire mosquitoes (D:8)
  2 steam dragons
  An acid dragon (D:9)
  7 water moccasins
  3 ice beasts (D:6)
  An orc warrior (D:10)
  A black bear (D:6)
  2 sky beasts (D:7)
  5 wolves
  9 centaurs
  11 ogres
  3 phantoms
  2 elf zombies (Ossuary)
  7 bullfrogs
  3 kobold brigands
  A gnoll sergeant (D:7)
  4 scorpions
  11 wights
  2 howler monkeys
  A centaur zombie (Ossuary)
  2 human zombies (Ossuary)
  3 jellies
  5 orc priests
  2 hounds
  A sleepcap (D:8)
  Ijyb (D:3)
  Natasha (thrice) (D:2)
  6 orc wizards
  2 mummies (Ossuary)
  Robin (D:2)
  7 adders
  7 gnolls
  2 white imps
  2 worms
  2 dart slugs
  21 orcs
  4 bats
  6 endoplasms
  3 giant cockroaches
  17 goblins
  12 hobgoblins
  4 quokkas
  6 ball pythons
  A frilled lizard (D:3)
  A goblin zombie (Ossuary)
  10 hobgoblin zombies (Ossuary)
  14 kobolds
  8 kobold zombies (Ossuary)
  9 orc zombies (Ossuary)
  7 rats
  4 rat zombies (Ossuary)
  A lurking horror (Lair:2)
342 creatures vanquished.

Vanquished Creatures (others)
  A kobold (D:11)
  A lurking horror (Lair:2)
2 creatures vanquished.

Grand Total: 344 creatures vanquished

Notes
Turn   | Place    | Note
-------+----------+-------------------------------------------
     0 | D:1      | tsujin the Demonspawn Shapeshifter began the quest for the
                  | Orb.
     0 | D:1      | Reached XP level 1. HP: 15/15 MP: 1/1
    52 | D:1      | Reached skill level 3 in Unarmed Combat
   113 | D:1      | Gained mutation: You have large cloven feet. [demonic
                  | ancestry]
   113 | D:1      | Reached XP level 2. HP: 15/21 MP: 2/2
   486 | D:1      | Got the Codex of Energy
   892 | D:2      | Reached XP level 3. HP: 14/26 MP: 3/3
   982 | D:2      | Reached skill level 4 in Unarmed Combat
  1204 | D:2      | Noticed Natasha
  1213 | D:2      | Killed Natasha
  1214 | D:2      | Reached XP level 4. HP: 18/32 MP: 4/4
  1279 | D:2      | Noticed Robin
  1314 | D:2      | Noticed Natasha
  1326 | D:2      | Killed Natasha
  1327 | D:2      | Reached skill level 5 in Unarmed Combat
  1329 | D:2      | Killed Robin
  1336 | D:2      | Noticed Natasha
  1350 | D:2      | Killed Natasha
  1351 | D:2      | Reached XP level 5. HP: 17/37 MP: 5/5
  1546 | D:2      | Found an ancient bone altar of Kikubaaqudgha.
  1866 | D:3      | Noticed Ijyb
  1883 | D:3      | Killed Ijyb
  1946 | D:3      | Identified the +5 halberd "Xofruoh" {pain, Drain rCorr
                  | Str+2 Int+3}
  1955 | D:3      | Found a transporter.
  1956 | D:3      | Found a transporter.
  2258 | D:4      | Reached XP level 6. HP: 17/43 MP: 6/6
  2438 | D:4      | Reached skill level 1 in Stealth
  2629 | D:4      | Found Uxebbiq's One-of-a-Kind Rings.
  2686 | D:4      | Found a shimmering blue altar of Sif Muna.
  3484 | D:3      | Noticed bchevrier's ghost (amateur GnWn)
  3521 | D:5      | Entered Level 5 of the Dungeon
  3567 | D:5      | Found Woraidon's Book Shoppe.
  3623 | D:5      | Found Emeucuim's Antique Armour Shop.
  3629 | D:5      | Bought a fine chain mail for 275 gold pieces
  3629 | D:5      | Identified the +0 chain mail "Ihahixid" {rCorr} (You bought
                  | it in a shop on level 5 of the Dungeon)
  3664 | D:5      | Noticed a water moccasin
  3668 | D:5      | Killed a water moccasin
  3669 | D:5      | Gained mutation: You are partially covered in molten
                  | scales. (AC +2) [demonic ancestry]
  3669 | D:5      | Reached XP level 7. HP: 50/50 MP: 7/7
  3785 | D:5      | Reached skill level 6 in Unarmed Combat
  4034 | D:5      | Found a basalt altar of Yredelemnul.
  4221 | D:7      | Reached XP level 8. HP: 41/58 MP: 8/8
  4395 | D:6      | Reached skill level 5 in Shapeshifting
  4734 | D:6      | Found a sand-covered staircase.
  4744 | Ossuary  | Entered an ossuary
  4987 | Ossuary  | Identified the staff "Mafymag" {rElec rPois rF+ Will- Fire}
  5823 | D:6      | Gained mutation: You sometimes gain a little power by
                  | taking damage. [demonic ancestry]
  5823 | D:6      | Reached XP level 9. HP: 54/66 MP: 9/9
  6113 | D:7      | Reached skill level 7 in Unarmed Combat
  6196 | D:7      | Found a staircase to the Ecumenical Temple.
  6214 | Temple   | Entered the Ecumenical Temple
  6273 | Temple   | Became a worshipper of Nemelex Xobeh the Trickster
  6442 | D:7      | Found an opulent altar of Gozag.
  6628 | D:7      | Reached skill level 1 in Invocations
  6931 | D:7      | Reached skill level 5 in Fighting
  7424 | D:7      | Reached skill level 5 in Dodging
  7763 | D:8      | Reached * piety under Nemelex Xobeh
  7764 | D:8      | Found a stormy altar of Qazlal.
  7765 | D:8      | Found a radiant altar of Vehumet.
  7775 | D:8      | Found a blossoming altar of Fedhas.
  8076 | D:8      | Found a sacrificial altar of Ru.
  8079 | D:8      | Found a broken altar of Ashenzari.
  8181 | D:8      | Found an ornate altar of the Wu Jian Council.
  8236 | D:8      | Received a gift from Nemelex Xobeh
  8258 | D:8      | Reached XP level 10. HP: 76/76 MP: 11/13
  9368 | D:9      | Reached skill level 8 in Unarmed Combat
  9478 | D:9      | Reached skill level 5 in Invocations
  9614 | D:9      | Received a gift from Nemelex Xobeh
  9662 | D:9      | Reached ** piety under Nemelex Xobeh
 10228 | D:10     | Entered Level 10 of the Dungeon
 10300 | D:10     | Found Eryetui's Book Shoppe.
 10539 | D:10     | Found a staircase to the Orcish Mines.
 10559 | D:10     | Reached skill level 5 in Stealth
 10610 | D:10     | Found a staircase to the Lair.
 10610 | D:10     | Noticed an oklob plant
 10696 | D:10     | Noticed Lodul
 10699 | D:10     | Gained mutation: You are mostly covered in molten scales.
                  | (AC +3) [demonic ancestry]
 10699 | D:10     | Reached XP level 11. HP: 70/83 MP: 12/15
 10706 | D:10     | Killed Lodul
 10793 | D:10     | Identified the +0 buckler of the Volcano {rCorr Int+5
                  | Stlth+}
 10879 | D:10     | Found a bloodstained altar of Trog.
 11063 | D:10     | Received a gift from Nemelex Xobeh
 11910 | D:11     | Reached skill level 1 in Armour
 11910 | D:11     | Reached skill level 9 in Unarmed Combat
 12108 | D:10     | Killed an oklob plant
 12164 | Lair:1   | Entered Level 1 of the Lair of Beasts
 12670 | Lair:1   | Reached *** piety under Nemelex Xobeh
 12687 | Lair:1   | Found a runed translucent gate.
 12689 | Lair:1   | Found a runed translucent gate.
 12690 | Lair:1   | Found a runed translucent gate.
 12690 | Lair:1   | Noticed Cistriuss's ghost (journeyman DgFi)
 12690 | Lair:1   | Noticed a 12-headed hydra
 12692 | Lair:1   | Noticed a 12-headed hydra
 13294 | Lair:1   | Received a gift from Nemelex Xobeh
 14025 | Lair:2   | Found a staircase to the Shoals.
 14572 | D:11     | Received a gift from Nemelex Xobeh
 14629 | D:11     | Reached **** piety under Nemelex Xobeh
 14934 | D:11     | Gained mutation: Your demonic aura sometimes causes spilled
                  | blood to erupt in flames. [demonic ancestry]
 14934 | D:11     | Reached XP level 12. HP: 39/92 MP: 9/17
 15015 | D:11     | HP: 4/92 [red devil/+0 trident (1)]
 15873 | D:11     | Received a gift from Nemelex Xobeh
 16604 | Lair:2   | You fall into a shaft and drop 1 floor!
 16672 | Lair:3   | Reached skill level 10 in Unarmed Combat
 17251 | Lair:2   | Received a gift from Nemelex Xobeh
 17282 | Lair:2   | Reached skill level 5 in Armour
 17293 | Lair:2   | Noticed Harold
 17505 | Lair:2   | Killed Harold
 18529 | Lair:3   | Reached ***** piety under Nemelex Xobeh
 18706 | Lair:4   | Noticed a boulder beetle
 18711 | Lair:4   | a boulder beetle changed into a bunyip
 18711 | Lair:4   | Noticed a bunyip
 18733 | Lair:4   | Slain by a bunyip

Illustrated notes

Levels and vault maps discovered:
D:1:      eino_arrival_druids_welcome, layout_basic, serial_rivers,
          chequers_serial_rivers_micro_c, chequers_serial_rivers_small_3,
          chequers_serial_rivers_small_a, chequers_serial_rivers_large_a
D:2:      layout_basic, basic_altar, uniq_robin, uniq_natasha
D:3:      minmay_general_purpose_star, layout_rooms,
          gammafunk_ghost_gnarly_gnolls, minmay_misc_feat_alley, uniq_ijyb
D:4:      layout_rooms, mainiacjoe_overflow_chevrons, nicolae_shop_unique_rings
D:5:      layout_rooms, mainiacjoe_overflow_alcove_2, serial_shops,
          nicolae_shop_advertising_works [nicolae_subvault_shop_adworks],
          nicolae_shop_overgrown_old_shop
D:6:      layout_loops_corners, lightli_ossuary_entry_decrepit_ruins,
          chequers_serial_rivers_large_b
D:7:      layout_cave_pods, mainiacjoe_overflow_paths,
          minmay_temple_entry_drinking_statues
D:8:      layout_layer_cave, minitemple, elyvilon_altar_4,
          nicolae_overflow_macrodata_refinement
D:9:      minmay_goldmine, layout_long_grid, eino_tiny_chamber
D:10:     layout_long_grid, lemuel_crystal_altar, dpeg_oklobed_lair,
          orc_0_dummy, serial_shops, nicolae_shop_back_alley_shop, uniq_lodul
D:11:     layout_irregular_city, gauntlet_entry_generic,
          minmay_beelzebubs_servants
Temple:   jpeg_temple_clearing
Lair:1:   layout_gridlike, gammafunk_ghost_hydra_chop
Lair:2:   layout_gridlike, minmay_shoals_entry_centaurs,
          spider_nest_entry_rubble, serial_bayou_lagoon_a,
          amcnicky_altar_lugonu_corruption, uniq_harold
Lair:3:   layout_chaotic_city
Lair:4:   nzn_winding_woodlands_huge [nzn_winding_woodlands_5x15_pockets,
          nzn_winding_woodlands_5x15_default, nzn_winding_woodlands_5x15_eye,
          nzn_winding_woodlands_5x15_river_crossing,
          nzn_winding_woodlands_5x15_twine, nzn_winding_woodlands_5x15_zeroes,
          nzn_winding_woodlands_5x15_garden, nzn_winding_woodlands_5x15_cabin,
          nzn_winding_woodlands_5x15_jagged,
          nzn_winding_woodlands_5x15_sidewinder,
          nzn_winding_woodlands_center_pierced_h,
          nzn_winding_woodlands_center_diamonds,
          nzn_winding_woodlands_15x15_eel_pit], layout_regular_city,
          grunt_megastairs_4

Skill      XL: |  1  2  3  4  5  6  7  8  9 10 11 12 |
---------------+-------------------------------------+-----
Unarmed Combat | 3 4 5 6 7 8 9 10 | 10.6
Dodging        | 2 3 4 5 6 |  6.5
Shapeshifting  | 3 4 6 7 8 9 |  9.0
Stealth        | 1 2 3 5 6 7 |  7.4
Fighting       | 2 3 4 5 6 7 8 |  8.7
Invocations    | 4 5 7 9 |  9.0
Armour         | 3 5 |  5.2
Throwing       | |  0.8

Action                     |  1- 3 |  4- 6 |  7- 9 | 10-12 || total
---------------------------+-------+-------+-------+-------++-------
  Melee: Unarmed           |    80 |   173 |   320 |   572 ||  1145
         Punch             |     5 |     3 |    13 |    42 ||    63
         Kick              |     9 |    39 |   101 |   227 ||   376
  Throw: Stone             |       |     5 |       |       ||     5
         Dart              |       |       |       |     1 ||     1
 Invoke: Draw Destruction  |       |       |     1 |    36 ||    37
         Draw Escape       |       |       |       |     4 ||     4
         Draw Summoning    |       |       |       |     1 ||     1
  Evoke: Wand              |       |     3 |     9 |     1 ||    13
    Use: Scroll            |     3 |     6 |     7 |    12 ||    28
         Potion            |       |     4 |     5 |    13 ||    22
 Armour: Ring mail         |    42 |   116 |   133 |       ||   291
         Chain mail        |       |       |   104 |   561 ||   665
  Dodge: Dodged            |    41 |   102 |   153 |   305 ||   601

Table legend: (Time is in decaauts)
 A = Elapsed time spent in this place.
 B = Non-inter-level travel time spent in this place.
 C = Inter-level travel time spent in this place.
 D = Time resting spent in this place.
 E = Time spent auto-exploring this place.
 F = Levels seen in this place.
 G = Mean time per level.
                   A        B        C        D        E       F      G
               +--------+--------+--------+--------+--------+-----+--------+
         Total |  18655 |  17816 |    839 |   4475 |   9505 |  17 | 1097.4 |
       Dungeon |  14079 |  13533 |    546 |   2794 |   7987 |  11 | 1279.9 |
        Temple |     79 |     67 |     12 |      0 |      0 |   1 |   79.0 |
          Lair |   4214 |   3934 |    280 |   1681 |   1420 |   4 | 1053.5 |
       Ossuary |    282 |    282 |      0 |      0 |     98 |   1 |  282.0 |
               +--------+--------+--------+--------+--------+-----+--------+

Top non-repeatable levels by time:
  Lair:1: 2161 daAuts
    D:10: 2127 daAuts
    D:11: 2083 daAuts
     D:6: 1465 daAuts
     D:8: 1458 daAuts
     D:9: 1445 daAuts
     D:7: 1413 daAuts
  Lair:3: 1346 daAuts
     D:2: 993 daAuts
     D:1: 869 daAuts
     D:3: 862 daAuts
     D:4: 794 daAuts
  Lair:2: 589 daAuts
     D:5: 566 daAuts
 Ossuary: 282 daAuts
